 Dungeon Crawl Stone Soup version 0.30-a0-953-g5f1da4a474 (webtiles) character file.

Game seed: 4243667936622015330

261 Dirtsage the Chopper (level 6, -1/35 HPs)
             Began as a Gargoyle Gladiator on Mar 28, 2023.
             Slain by a gnoll
             ... wielding a +0 flail
             ... led by a gnoll bouda
              (6 damage)
             ... on level 5 of the Dungeon.
             The game lasted 00:04:22 (2996 turns).

Dirtsage the Chopper (Gargoyle Gladiator)           Turns: 2996, Time: 00:04:22

Health: -1/35      AC: 12    Str: 20    XL:     6   Next: 18%
Magic:  6/6        EV: 10    Int:  8    God:
Gold:   70         SH:  5    Dex: 17    Spells: 5/5 levels left

rFire   . . .      SeeInvis .    a - +0 war axe
rCold   . . .      Faith    .    (no shield)
rNeg    + . .      Spirit   .    k - +0 scale mail
rPois   ∞          Reflect  +    c - +0 helmet
rElec   +          Rampage  .    (no cloak)
rCorr   .                        x - +0 pair of gloves
Will    .....                    (no boots) Stlth
                                 s - amulet of reflection
HPRegen 0.25/turn                t - +6 ring of dexterity
MPRegen 0.10/turn                (no ring)

@: no status effects
A: sickness immunity, AC +4, negative energy resistance 1, electricity
resistance, torment resistance 1, petrification resistance
a: no special abilities


You were on level 5 of the Dungeon.
You visited 1 branch of the dungeon, and saw 5 of its levels.

You collected 200 gold pieces.
You spent 130 gold pieces at shops.

Inventory:

Hand Weapons
 a - a +0 war axe (weapon)
 D - a +5 heavy war axe
Missiles
 d - 3 throwing nets (quivered)
 e - a javelin
Armour
 b - a +0 leather armour
 c - a +0 helmet (worn)
 k - a +0 scale mail (worn)
 x - a +0 pair of gloves (worn)
Jewellery
 q - an amulet of faith
 s - an amulet of reflection (around neck)
 t - a +6 ring of dexterity (left hand)
 y - an amulet of guardian spirit
Scrolls
 g - a scroll of teleportation {unknown}
 h - 4 scrolls of identify {unknown}
 o - 2 scrolls of brand weapon {unknown}
 p - 2 scrolls of fog {unknown}
 r - a scroll of enchant armour {unknown}
 u - a scroll of butterflies {unknown}
 w - a scroll of torment {unknown}
 C - a scroll of poison {unknown}
Potions
 f - 3 potions of berserk rage {unknown}
 i - a potion of flight {unknown}
 j - a potion of degeneration {unknown}
 l - a potion of resistance {unknown}
 m - 3 potions of curing {unknown}
 n - a potion of lignification {unknown}
 v - a potion of brilliance {unknown}
 z - a potion of invisibility {unknown}
 A - a potion of haste {unknown}
 B - a potion of cancellation {unknown}


   Skills:
 - Level 2.1 Fighting
 + Level 6.1 Axes
 - Level 1.7 Throwing
 - Level 2.4 Dodging


You had 5 spell levels left.
You didn't know any spells.
Your spell library contained the following spells:

 Spells                   Type           Power      Damage    Failure   Level
 Foxfire                  Conj/Fire      0%         2x1d2     78%         1
 Kindle Blastsparks       Fire/Tloc/Air  0%         2d10      98%         3
 Fulminant Prism          Conj/Hex       0%         3d5       100%        4
 Iskenderun's Mystic Bla  Conj/Tloc      0%         2d3       100%        4
 Fireball                 Conj/Fire      0%         3d3       100%        5
 Lee's Rapid Deconstruct  Erth           0%         3d4*      100%        5
 Starburst                Conj/Fire      0%         6d3       100%        6
 Chain Lightning          Conj/Air       0%         N/A       100%        9
 Fire Storm               Conj/Fire      0%         5d1       100%        9
 Shatter                  Erth           0%         3d5*      100%        9


Dungeon Overview and Level Annotations

Branches:
Dungeon (5/15)
 Temple: D:4-7

Altars:
Vehumet

Shops:
D:4 (


Innate Abilities, Weirdness & Mutations

You are immune to sickness and miasma.
Your stone body is resilient. (AC +4)
You are immune to poison.
You resist negative energy. (rN+)
You are resistant to electric shocks. (rElec)
You are resistant to unholy torment.
You are immune to petrification.


Message History

2 gnolls come into view.
The gnoll shouts! x2
A gnoll bouda comes into view. It is wielding a +0 whip.
You barely miss the gnoll.
The gnoll bouda shouts!
The gnoll barely misses you.
You barely miss the gnoll. The gnoll hits you but does no damage.
You closely miss the gnoll.
The gnoll bouda barks out a call to the hunt!
The gnolls pick up the pace!
You barely miss the gnoll. You hit the gnoll. The gnoll misses you.
You block the gnoll's attack.
You barely miss the gnoll. You slash the gnoll!
The gnoll hits you with a +0 flail! The gnoll hits you with a +0 club.
The gnoll hits you but does no damage.
You take 11 damage, and have 24/35 hp.
MASSIVE DAMAGE!!
You are too injured to fight recklessly!
You are too injured to fight recklessly!
You are too injured to fight recklessly!
You are too injured to fight recklessly!
You hit the gnoll.
You kill the gnoll!
You completely miss the gnoll. The gnoll hits you with a +0 flail.
You take 3 damage, and have 21/35 hp.
You slash the gnoll bouda!
The gnoll bouda is heavily wounded.
You hit the gnoll. The gnoll hits you with a +0 flail!
You take 8 damage, and have 13/35 hp.
MASSIVE DAMAGE!!
You barely miss the gnoll bouda.
The gnoll bouda is heavily wounded.
You hit the gnoll. x2; You block the gnoll's attack.
The gnoll bouda hits you with a +0 whip!
* * * LOW HITPOINT WARNING * * *
The gnoll hits you with a +0 whip.
* * * LOW HITPOINT WARNING * * *
You take 8 damage, and have 5/35 hp.
MASSIVE DAMAGE!!
You slash the gnoll bouda!
The gnoll bouda is almost dead.
You hit the gnoll but do no damage. x2; The gnoll hits you with a +0 flail.
You die...

#. #. . #.
~. #. ~~.
#. ....
#.####.)~~.
#.#.g...≈..
#.<@g.~.~~.
####g.[.≈~~
#...~≈.
.~~~..
.~≈≈. ..≈≈.
#≈≈# ≈≈#


You could see a gnoll bouda and 2 gnolls.

Vanquished Creatures
  A hound (D:4)
  A sleepcap (D:4)
  8 gnolls
  6 adders
  An ufetubus (D:4)
  3 worms
  A dart slug (D:4)
  2 orcs (D:4)
  A bat (D:1)
  5 endoplasms
  4 giant cockroaches
  2 goblins (D:2)
  6 hobgoblins
  3 jackals (D:4)
  3 quokkas
  4 ball pythons
  2 frilled lizards
  8 kobolds
  3 rats
64 creatures vanquished.

Notes
Turn   | Place    | Note
-------+----------+-------------------------------------------
     0 | D:1      | Dirtsage the Gargoyle Gladiator began the quest for the
                  | Orb.
     0 | D:1      | Reached XP level 1. HP: 12/12 MP: 1/1
   200 | D:1      | Reached skill level 3 in Axes
   311 | D:1      | Reached XP level 2. HP: 17/17 MP: 2/2
   614 | D:1      | Found a faded altar of an unknown god.
   997 | D:2      | Reached XP level 3. HP: 18/21 MP: 3/3
  1010 | D:2      | You fall into a shaft and drop 1 floor!
  1010 | D:3      | Found a radiant altar of Vehumet.
  1329 | D:2      | Identified the +4 trident of Res Nullius {elec, *Noise rF+
                  | rN+ Dex+2}
  1362 | D:2      | Reached skill level 4 in Axes
  1431 | D:2      | Reached XP level 4. HP: 26/26 MP: 4/4
  2118 | D:4      | Reached skill level 5 in Axes
  2118 | D:4      | Reached XP level 5. HP: 16/30 MP: 5/5
  2322 | D:4      | Reached XP level 6. HP: 35/35 MP: 6/6
  2425 | D:4      | Reached skill level 6 in Axes
  2814 | D:4      | Found Nopponit's Antique Weapon Emporium.
  2820 | D:4      | Bought a runed war axe for 130 gold pieces
  2986 | D:5      | Entered Level 5 of the Dungeon
  2996 | D:5      | Slain by a gnoll

Illustrated notes

Levels and vault maps discovered:
D:1:      shiori_arrival_oz, layout_basic, shapermc_ecumenical_altar_pompeii,
          bh_walls_and_bars
D:2:      layout_basic, grunt_ministairs_4
D:3:      layout_basic, mainiacjoe_overflow_catwalk
D:4:      layout_gridville, serial_shops, kennysheep_little_box
D:5:      cheibrodos_fertilizer, layout_basic, mainiacjoe_overflow_alcove_3,
          minmay_temple_entry_wispy, nicolae_ossuary_entry_catacombs,
          serial_rivers, chequers_serial_rivers_small_3,
          chequers_serial_rivers_small_a, chequers_serial_rivers_micro_d,
          chequers_serial_rivers_micro_d, chequers_serial_rivers_room_a,
          chequers_serial_rivers_micro_d

Skill      XL: |  1  2  3  4  5  6 |
---------------+-------------------+-----
Axes           | 3 4 5 6 |  6.1
Fighting       | |  2.1
Throwing       | |  1.7
Dodging        | |  2.4

Action                     |  1- 3 |  4- 6 || total
---------------------------+-------+-------++-------
  Melee: War axe           |    69 |   125 ||   194
 Armour: Scale mail        |    28 |    54 ||    82
         Leather armour    |     2 |       ||     2
  Dodge: Dodged            |    41 |    76 ||   117
  Block: Other             |     8 |    22 ||    30

Table legend: (Time is in decaauts)
 A = Elapsed time spent in this place.
 B = Non-inter-level travel time spent in this place.
 C = Inter-level travel time spent in this place.
 D = Time resting spent in this place.
 E = Time spent auto-exploring this place.
 F = Levels seen in this place.
 G = Mean time per level.
                   A        B        C        D        E       F      G
               +--------+--------+--------+--------+--------+-----+--------+
         Total |   3045 |   2880 |    165 |     23 |   2373 |   5 |  609.0 |
       Dungeon |   3045 |   2880 |    165 |     23 |   2373 |   5 |  609.0 |
               +--------+--------+--------+--------+--------+-----+--------+

Top non-repeatable levels by time:
     D:4: 911 daAuts
     D:1: 868 daAuts
     D:3: 732 daAuts
     D:2: 521 daAuts
     D:5: 11 daAuts
